[ AOE2 MATCH · #508117538 ]
UnrankedAztecs vs Bohemians
Player's team · WIN
Rival team · LOSS
[ REPLAY ANALYSIS · EXTRACTED FROM THE RECORDED GAME ]
Feudal
11:28
Castle
28:50
Imperial
—
| APM avg | 75.4 |
| APM peak | 130 |
| eAPM avg | 39.2 |
| Villagers / military | 92 / 201 |
Focus
⚔️ 50.5% · 🌾 49.5%
Eagle Scout ×101 · Skirmisher ×39 · Monk ×33 · Battering Ram ×11 · Mangonel ×10 · Militia ×5
Feudal
9:16
Castle
22:22
Imperial
43:01
| APM avg | 69.7 |
| APM peak | 105 |
| eAPM avg | 38.4 |
| Villagers / military | 137 / 132 |
Focus
⚔️ 33.7% · 🌾 66.3%
Skirmisher ×67 · Hussite Wagon ×60 · Mangonel ×5
Match map
Initial resources + every placement click. Lines = walls · curves = elevation contours. ◆ gold · ⬟ stone · ● berries · ✦ relic · ◌ wall gap
Your base· Open — unwalled flank
67 SKIRMiSHERS's base· Open — 8t gap
Smoothed initial terrain · ◌ = detected wall gap · hover for details
Inputs per minute
— Muzio - - 67 SKIRMiSHERS
Build order — Muzio
First 150 of 457 actions detected
| 0:00 | Queue | Villager (Male) |
| 0:02 | Build | House |
| 0:03 | Build | House |
| 0:07 | Queue | Villager (Male) |
| 0:07 | Queue | Villager (Male) |
| 0:07 | Queue | Villager (Male) |
| 1:20 | Queue | Villager (Male) |
| 1:20 | Queue | Villager (Male) |
| 1:45 | Build | Lumber Camp |
| 1:56 | Queue | Villager (Male) |
| 1:56 | Queue | Villager (Male) |
| 2:27 | Queue | Villager (Male) |
| 2:31 | Queue | Villager (Male) |
| 2:32 | Queue | Villager (Male) |
| 2:58 | Queue | Villager (Male) |
| 2:59 | Queue | Villager (Male) |
| 3:24 | Build | House |
| 3:41 | Queue | Villager (Male) |
| 3:41 | Queue | Villager (Male) |
| 3:48 | Build | House |
| 3:51 | Build | Palisade Wall |
| 3:58 | Queue | Villager (Male) |
| 3:59 | Queue | Villager (Male) |
| 4:29 | Queue | Villager (Male) |
| 4:31 | Queue | Villager (Male) |
| 4:32 | Queue | Villager (Male) |
| 4:56 | Queue | Villager (Male) |
| 5:24 | Build | Barracks |
| 5:38 | Queue | Villager (Male) |
| 5:38 | Queue | Villager (Male) |
| 5:56 | Queue | Villager (Male) |
| 5:56 | Queue | Villager (Male) |
| 6:06 | Queue | Militia |
| 6:06 | Queue | Militia |
| 6:23 | Queue | Militia |
| 6:23 | Queue | Militia |
| 6:24 | Queue | Militia |
| 6:27 | Build | House |
| 7:01 | Queue | Villager (Male) |
| 7:18 | Queue | Villager (Male) |
| 7:20 | Build | Mining Camp |
| 7:42 | Queue | Villager (Male) |
| 8:05 | Research | Loom |
| 8:27 | Build | Mill |
| 8:41 | Queue | Villager (Male) |
| 9:18 | Research | Feudal Age |
| 10:07 | Queue | Villager (Male) |
| 10:12 | Build | House |
| 10:29 | Build | House |
| 10:47 | Build | Palisade Wall |
| 11:28 | Age | Feudal Age |
| 11:29 | Build | Archery Range |
| 11:31 | Build | Blacksmith |
| 11:36 | Research | Man-at-Arms (upgrade) |
| 11:38 | Research | Double-Bit Axe |
| 11:39 | Research | Double-Bit Axe |
| 11:50 | Queue | Villager (Male) |
| 11:51 | Queue | Eagle Scout |
| 12:06 | Research | Fletching |
| 12:13 | Queue | Skirmisher |
| 12:15 | Queue | Eagle Scout |
| 12:19 | Queue | Villager (Male) |
| 12:34 | Build | Archery Range |
| 12:35 | Queue | Villager (Male) |
| 12:46 | Queue | Villager (Male) |
| 12:50 | Queue | Skirmisher |
| 12:57 | Build | House |
| 13:12 | Build | Farm |
| 13:14 | Build | Farm |
| 13:21 | Queue | Skirmisher |
| 13:21 | Queue | Skirmisher |
| 13:22 | Queue | Skirmisher |
| 13:24 | Build | House |
| 13:25 | Queue | Archer |
| 13:25 | Queue | Archer |
| 13:45 | Queue | Villager (Male) |
| 14:05 | Queue | Villager (Male) |
| 14:24 | Queue | Villager (Male) |
| 14:24 | Queue | Villager (Male) |
| 14:26 | Build | Farm |
| 14:28 | Build | Farm |
| 14:29 | Build | Farm |
| 15:04 | Queue | Skirmisher |
| 15:04 | Queue | Skirmisher |
| 15:07 | Queue | Villager (Male) |
| 15:09 | Build | Farm |
| 15:10 | Build | Farm |
| 15:23 | Queue | Villager (Male) |
| 15:26 | Build | Farm |
| 15:27 | Build | Farm |
| 15:29 | Queue | Skirmisher |
| 15:29 | Queue | Skirmisher |
| 15:39 | Build | House |
| 15:56 | Research | Padded Archer Armor |
| 15:57 | Research | Town Watch |
| 15:57 | Research | Town Watch |
| 16:03 | Build | Farm |
| 16:04 | Build | Farm |
| 16:18 | Queue | Skirmisher |
| 16:19 | Queue | Skirmisher |
| 16:20 | Queue | Eagle Scout |
| 16:20 | Queue | Eagle Scout |
| 16:20 | Queue | Eagle Scout |
| 16:43 | Queue | Skirmisher |
| 16:43 | Queue | Skirmisher |
| 16:50 | Queue | Villager (Male) |
| 16:50 | Queue | Villager (Male) |
| 16:51 | Queue | Villager (Male) |
| 16:52 | Build | House |
| 17:03 | Queue | Skirmisher |
| 17:03 | Queue | Skirmisher |
| 17:09 | Queue | Villager (Male) |
| 17:19 | Research | Scale Mail Armor |
| 17:19 | Research | Scale Mail Armor |
| 17:22 | Queue | Eagle Scout |
| 17:27 | Queue | Skirmisher |
| 17:28 | Queue | Skirmisher |
| 17:28 | Queue | Skirmisher |
| 17:38 | Build | Farm |
| 18:04 | Queue | Eagle Scout |
| 18:04 | Queue | Eagle Scout |
| 18:18 | Queue | Skirmisher |
| 18:19 | Queue | Skirmisher |
| 18:25 | Queue | Skirmisher |
| 18:25 | Queue | Skirmisher |
| 18:34 | Queue | Skirmisher |
| 18:34 | Queue | Skirmisher |
| 18:38 | Queue | Villager (Male) |
| 18:38 | Queue | Villager (Male) |
| 18:40 | Build | Farm |
| 18:41 | Build | Farm |
| 18:52 | Queue | Skirmisher |
| 18:52 | Queue | Skirmisher |
| 18:52 | Queue | Skirmisher |
| 18:53 | Queue | Skirmisher |
| 18:53 | Queue | Skirmisher |
| 19:15 | Queue | Skirmisher |
| 19:21 | Queue | Eagle Scout |
| 19:31 | Queue | Skirmisher |
| 19:31 | Queue | Skirmisher |
| 19:34 | Queue | Villager (Male) |
| 19:34 | Queue | Villager (Male) |
| 19:36 | Build | Farm |
| 19:37 | Build | Farm |
| 19:38 | Build | House |
| 19:39 | Build | House |
| 19:40 | Build | House |
| 19:47 | Build | Farm |
| 19:59 | Build | Farm |
| 20:03 | Build | House |
Build order — 67 SKIRMiSHERS
First 150 of 453 actions detected
| 0:01 | Queue | Villager (Male) |
| 0:01 | Queue | Villager (Male) |
| 0:01 | Queue | Villager (Male) |
| 0:02 | Queue | Villager (Male) |
| 0:03 | Build | House |
| 0:04 | Build | House |
| 1:24 | Queue | Villager (Male) |
| 1:58 | Queue | Villager (Male) |
| 2:27 | Queue | Villager (Male) |
| 2:33 | Build | Mill |
| 2:54 | Queue | Villager (Male) |
| 2:58 | Queue | Villager (Male) |
| 3:18 | Queue | Villager (Male) |
| 3:41 | Queue | Villager (Male) |
| 3:54 | Build | House |
| 4:08 | Build | House |
| 4:16 | Queue | Villager (Male) |
| 4:16 | Queue | Villager (Male) |
| 4:17 | Queue | Villager (Male) |
| 5:17 | Queue | Villager (Male) |
| 5:17 | Queue | Villager (Male) |
| 5:21 | Build | Lumber Camp |
| 5:32 | Queue | Villager (Male) |
| 5:34 | Research | Loom |
| 5:54 | Queue | Villager (Male) |
| 6:21 | Build | Palisade Wall |
| 6:33 | Build | Palisade Wall |
| 6:51 | Queue | Villager (Male) |
| 7:00 | Research | Feudal Age |
| 7:18 | Build | Palisade Wall |
| 7:40 | Build | Palisade Wall |
| 7:51 | Queue | Villager (Male) |
| 8:03 | Build | Barracks |
| 8:33 | Build | House |
| 8:43 | Queue | Villager (Male) |
| 9:07 | Build | Mill |
| 9:16 | Age | Feudal Age |
| 9:18 | Build | Archery Range |
| 9:22 | Queue | Villager (Male) |
| 9:25 | Research | Double-Bit Axe |
| 9:51 | Build | Palisade Wall |
| 9:52 | Queue | Villager (Male) |
| 9:54 | Build | House |
| 10:06 | Build | Palisade Wall |
| 10:17 | Queue | Skirmisher |
| 10:17 | Queue | Skirmisher |
| 10:20 | Build | Farm |
| 10:24 | Queue | Villager (Male) |
| 10:40 | Build | Farm |
| 10:41 | Build | Farm |
| 10:45 | Build | House |
| 11:04 | Queue | Skirmisher |
| 11:10 | Queue | Villager (Male) |
| 11:24 | Queue | Villager (Male) |
| 11:44 | Queue | Skirmisher |
| 11:44 | Queue | Villager (Male) |
| 11:54 | Build | Farm |
| 11:55 | Build | Farm |
| 11:55 | Build | Farm |
| 12:04 | Build | House |
| 12:10 | Queue | Villager (Male) |
| 12:16 | Queue | Skirmisher |
| 12:32 | Queue | Skirmisher |
| 12:33 | Queue | Villager (Male) |
| 12:45 | Build | Farm |
| 13:12 | Queue | Skirmisher |
| 13:19 | Build | House |
| 13:21 | Build | House |
| 13:22 | Build | House |
| 13:36 | Queue | Villager (Male) |
| 13:43 | Queue | Skirmisher |
| 13:44 | Queue | Villager (Male) |
| 13:48 | Build | Farm |
| 13:59 | Build | Blacksmith |
| 14:00 | Queue | Skirmisher |
| 14:06 | Build | Farm |
| 14:10 | Queue | Villager (Male) |
| 14:12 | Queue | Skirmisher |
| 14:36 | Queue | Skirmisher |
| 14:36 | Queue | Skirmisher |
| 14:38 | Queue | Villager (Male) |
| 14:45 | Research | Fletching |
| 15:03 | Queue | Skirmisher |
| 15:10 | Queue | Villager (Male) |
| 15:11 | Build | Farm |
| 15:12 | Build | Farm |
| 15:16 | Build | Farm |
| 15:22 | Queue | Villager (Male) |
| 15:41 | Research | Padded Archer Armor |
| 15:44 | Queue | Skirmisher |
| 15:47 | Queue | Villager (Male) |
| 16:02 | Queue | Skirmisher |
| 16:12 | Build | Farm |
| 16:13 | Build | Farm |
| 16:15 | Queue | Villager (Male) |
| 16:25 | Build | Lumber Camp |
| 16:34 | Queue | Villager (Male) |
| 16:45 | Queue | Skirmisher |
| 16:59 | Queue | Skirmisher |
| 17:02 | Queue | Villager (Male) |
| 17:14 | Build | Farm |
| 17:16 | Queue | Skirmisher |
| 17:24 | Queue | Villager (Male) |
| 17:26 | Build | Watch Tower |
| 17:29 | Build | House |
| 17:38 | Queue | Skirmisher |
| 17:42 | Queue | Villager (Male) |
| 17:47 | Build | Farm |
| 18:01 | Build | Mining Camp |
| 18:25 | Queue | Skirmisher |
| 18:37 | Build | Market |
| 18:46 | Queue | Skirmisher |
| 18:47 | Queue | Villager (Male) |
| 19:15 | Build | House |
| 19:29 | Queue | Villager (Male) |
| 19:42 | Research | Castle Age |
| 19:42 | Research | Castle Age |
| 19:43 | Queue | Skirmisher |
| 19:43 | Queue | Skirmisher |
| 20:06 | Build | House |
| 20:07 | Build | House |
| 20:13 | Queue | Skirmisher |
| 20:20 | Queue | Skirmisher |
| 20:23 | Queue | Villager (Male) |
| 20:26 | Build | House |
| 20:47 | Build | Lumber Camp |
| 20:49 | Queue | Skirmisher |
| 20:52 | Queue | Villager (Male) |
| 21:01 | Build | Palisade Wall |
| 21:02 | Build | Palisade Wall |
| 21:04 | Build | Palisade Wall |
| 21:07 | Build | House |
| 21:10 | Queue | Skirmisher |
| 21:18 | Build | Palisade Wall |
| 21:20 | Build | Palisade Wall |
| 21:27 | Build | House |
| 21:29 | Queue | Skirmisher |
| 21:30 | Queue | Villager (Male) |
| 21:37 | Queue | Skirmisher |
| 21:55 | Build | Farm |
| 22:21 | Queue | Skirmisher |
| 22:22 | Age | Castle Age |
| 22:22 | Queue | Villager (Male) |
| 22:27 | Research | Bodkin Arrow |
| 22:27 | Research | Bodkin Arrow |
| 23:07 | Build | Town Center |
| 23:07 | Queue | Villager (Male) |
| 23:16 | Queue | Skirmisher |
| 23:27 | Queue | Villager (Male) |
| 23:55 | Queue | Skirmisher |
Match timeline
| 3:51 | Muzio · wall_segment Palisade Wall x1 |
| 5:24 | Muzio · first_building Barracks |
| 6:21 | 67 SKIRMiSHERS · wall_segment Palisade Wall x5 |
| 6:33 | 67 SKIRMiSHERS · wall_segment Palisade Wall x10 |
| 7:18 | 67 SKIRMiSHERS · wall_segment Palisade Wall x9 |
| 7:40 | 67 SKIRMiSHERS · wall_segment Palisade Wall x13 |
| 8:03 | 67 SKIRMiSHERS · first_building Barracks |
| 9:16 | 67 SKIRMiSHERS · age_up feudal |
| 9:18 | 67 SKIRMiSHERS · first_building Archery Range |
| 9:51 | 67 SKIRMiSHERS · wall_segment Palisade Wall x2 |
| 10:06 | 67 SKIRMiSHERS · wall_segment Palisade Wall x2 |
| 10:47 | Muzio · wall_segment Palisade Wall x5 |
| 11:28 | Muzio · age_up feudal |
| 11:29 | Muzio · first_building Archery Range |
| 19:36 | 67 SKIRMiSHERS · first_market_sell 100 wood |
| 21:01 | 67 SKIRMiSHERS · wall_segment Palisade Wall x1 |
| 21:02 | 67 SKIRMiSHERS · wall_segment Palisade Wall x1 |
| 21:04 | 67 SKIRMiSHERS · wall_segment Palisade Wall x1 |
| 21:18 | 67 SKIRMiSHERS · wall_segment Palisade Wall x1 |
| 21:20 | 67 SKIRMiSHERS · wall_segment Palisade Wall x1 |
| 22:22 | 67 SKIRMiSHERS · age_up castle |
| 22:57 | 67 SKIRMiSHERS · first_market_buy 100 wood |
| 25:58 | Muzio · wall_segment Palisade Wall x1 |
| 25:59 | Muzio · wall_segment Palisade Wall x2 |
| 25:59 | Muzio · wall_segment Palisade Wall x1 |
| 25:59 | Muzio · wall_segment Palisade Wall x1 |
| 25:59 | Muzio · wall_segment Palisade Wall x1 |
| 26:00 | Muzio · wall_segment Palisade Wall x1 |
| 26:00 | Muzio · wall_segment Palisade Wall x1 |
| 26:16 | Muzio · wall_segment Palisade Wall x1 |
| 26:16 | Muzio · wall_segment Palisade Wall x1 |
| 26:16 | Muzio · wall_segment Palisade Wall x1 |
| 26:17 | Muzio · wall_segment Palisade Wall x1 |
| 26:17 | Muzio · wall_segment Palisade Wall x1 |
| 26:17 | Muzio · wall_segment Palisade Wall x1 |
| 26:17 | Muzio · wall_segment Palisade Wall x1 |
| 26:29 | 67 SKIRMiSHERS · wall_segment Palisade Wall x2 |
| 28:50 | Muzio · age_up castle |
| 29:06 | Muzio · first_building Siege Workshop |
| 29:18 | 67 SKIRMiSHERS · wall_segment Palisade Wall x1 |
| 29:20 | 67 SKIRMiSHERS · wall_segment Palisade Wall x1 |
| 29:21 | 67 SKIRMiSHERS · wall_segment Palisade Wall x1 |
| 29:30 | Muzio · first_market_sell 100 stone |
| 29:32 | 67 SKIRMiSHERS · first_building Siege Workshop |
| 29:34 | 67 SKIRMiSHERS · first_building Monastery |
| 29:42 | 67 SKIRMiSHERS · wall_segment Palisade Wall x1 |
| 30:01 | Muzio · first_market_buy 100 wood |
| 31:05 | 67 SKIRMiSHERS · wall_segment Stone Wall x1 |
| 33:05 | 67 SKIRMiSHERS · first_building Castle |
| 34:58 | Muzio · first_building Monastery |
| 42:22 | Muzio · wall_segment Stone Wall x1 |
| 43:01 | 67 SKIRMiSHERS · age_up imperial |
| 48:36 | 67 SKIRMiSHERS · resign |
[ AI ANALYSIS · 1 CREDIT ]
What really happened in this match?
Wolo.gg analyzes every decision: build order, eco, micro, common mistakes by bracket. Personalized analysis on WhatsApp or Discord in 30 seconds.
Civ guide
Aztecs
Perfil
Jugador #3141220